Selects Advanced Infantry Battlegroup
Selects Convert to Ranger Squad
Construct Medical Station
Mechanized Support Center
M1918 Browning Automatic Rifles
Selects Artillery Observers
M18 Hellcat Tank Destroyer
Designate Forward Repair Station
Selects M2A1 105mm Howitzer Emplacement
Selects 155mm Rapid Artillery Barrage
Selects Designate Assault Position
Selects Ranger Weapon Training
M18 Hellcat Tank Destroyer